 Dungeon Crawl Stone Soup version 0.24-a0-361-g5716139 (webtiles) character file.

Game seed: 5113476769763845358

6839 Alphaeus the Slinger (level 10, -1/53 HPs)
             Began as a Spriggan Berserker on May 27, 2019.
             Was a High Priest of Trog.
             Killed from afar by a steam dragon (25 damage)
             ... with a ball of steam
             ... on level 11 of the Dungeon.
             The game lasted 00:22:29 (12189 turns).

Alphaeus the Slinger (Spriggan Berserker)          Turns: 12189, Time: 00:22:29

Health: -1/53      AC: 15    Str: 16    XL:     10   Next: 77%
Magic:  12/12      EV: 33    Int:  5    God:    Trog [*****.]
Gold:   186        SH:  7    Dex: 18    Spells: 9/9 levels left

rFire    x . .     SeeInvis +   m - +11 flail of Hospitality {crush, rN+ Dex+2 SInv}
rCold    + . .     Gourm    .   N - +0 buckler
rNeg     + . .     Faith    .   s - +0 ice dragon scales
rPois    +         Spirit   .   (helmet restricted)
rElec    +         Reflect  .   F - +2 cloak {rPois}
rCorr    .         Harm     .   (gloves unavailable)
MR       ++...                  (boots unavailable)
Stlth    ++........             u - amulet of the acrobat
HPRegen  0.17/turn              M - ring "Neiheno" {rElec rPois rC- MR+ Int-4}
MPRegen  0.13/turn              L - ring of flight

@: berserk cooldown, acrobat, slowed, quick
A: very small, unfitting armour, horns 1, see invisible, herbivore, speed 3,
poison resistance, robust 1, slow metabolism 2, wild magic 1
a: Berserk, Trog's Hand, Brothers in Arms, Renounce Religion, Evoke Flight


You were on level 11 of the Dungeon.
You worshipped Trog.
Trog was extremely pleased with you.
You were hungry.

You visited 1 branch of the dungeon, and saw 11 of its levels.

You collected 501 gold pieces.
You spent 315 gold pieces at shops.

Inventory:

Hand Weapons
 d - a +3 dagger
 m - the +11 flail of Hospitality (weapon) {crush, rN+ Dex+2 SInv}
   (You found it on level 5 of the Dungeon)

   It inflicts extra damage upon your enemies.
   It affects your dexterity (+2).
   It protects you from negative energy.
   It lets you see invisible.
 y - a +0 hunting sling
 I - a +0 rapier
Missiles
 a - 26 sling bullets
 i - 278 stones (quivered)
 l - 37 poisoned darts
 q - 9 boomerangs
 v - 3 atropa-tipped darts
Armour
 b - a +0 animal skin
 s - +0 ice dragon scales (worn)
 F - a +2 cloak of poison resistance (worn)
 N - a +0 buckler (worn)
Jewellery
 g - an uncursed ring of poison resistance
 h - an uncursed ring of ice
 u - an amulet of the acrobat (around neck)
 K - an uncursed ring of positive energy
 L - a ring of flight (right hand)
 M - the ring "Neiheno" (left hand) {rElec rPois rC- MR+ Int-4}
   (You found it on level 9 of the Dungeon)

   [ring of protection from magic]

   It affects your intelligence (-4).
   It makes you vulnerable to cold.
   It insulates you from electricity.
   It protects you from poison.
   It affects your resistance to hostile enchantments.
Wands
 t - a wand of enslavement (7)
 x - a wand of random effects (52)
 H - a wand of flame (1)
 J - a wand of disintegration (12)
Scrolls
 e - 10 scrolls of teleportation
 f - 11 scrolls of remove curse
 j - a scroll of noise
 k - 3 scrolls of blinking
 n - 2 scrolls of magic mapping
 o - a scroll of immolation
 p - 3 scrolls of fear
 B - 3 scrolls of enchant armour
Potions
 r - 2 potions of might
 w - 3 potions of mutation
 z - a potion of cancellation {unknown}
 A - 3 potions of curing {unknown}
 C - a potion of haste {unknown}
 D - 2 potions of magic {unknown}
 E - a potion of resistance {unknown}
 G - a potion of agility {unknown}
Comestibles
 c - 10 rations


   Skills:
 - Level 3.8 Fighting
 - Level 5.1 Short Blades
 - Level 10.3(10.5) Slings
 - Level 2.3(6.0) Throwing
 * Level 7.7 Armour
 - Level 6.7 Dodging
 - Level 6.2 Stealth
 * Level 4.0 Shields
 - Level 1.6 Evocations


You had 9 spell levels left.
You didn't know any spells.
Your spell library was empty.

Dungeon Overview and Level Annotations

Branches:
Dungeon (11/15)            Temple (0/1) D:6
   Lair: D:8-11         Orc: D:9-12

Altars:
Ashenzari
Cheibriados
Elyvilon
Fedhas
Gozag
Kikubaaqudgha
Makhleb
Nemelex Xobeh
Okawaru
Trog
Vehumet
Zin
The Shining One

Shops:
D:5 ?   D:8 [   D:10 [

Annotations:
D:10 1 runed translucent door, DankestMemes's ghost, journeyman HOMo


Innate Abilities, Weirdness & Mutations

You are very small and have problems with some larger weapons.
You are too small for most types of armour.
You have supernaturally acute eyesight. (SInv)
You are a herbivore.
You cover ground extremely quickly.
You need to consume almost no food.
You have a pair of small horns on your head.
Your system is resistant to poisons. (rPois)
You are robust. (+10% HP)
Your spells are a little harder to cast, but a little more powerful.


Message History

The porcupine bites you but does no damage.
The orc hits you but does no damage.
The black bear bites you but does no damage.
The black bear claws you.
The black bear claws you but does no damage.
The orc hits you with a +0 whip. The orc barely misses you.
The orc warrior hits you with a +1 dire flail of protection!
The porcupine bites you but does no damage.
You can move again.
You are too injured to fight recklessly!
You are too injured to fight recklessly!
You are too injured to fight recklessly!
You are too injured to fight recklessly!
You are too injured to fight recklessly!
You are too injured to fight recklessly!
The steam dragon breathes steam at you.
The ball of steam hits the orc!
The orc dies!
The ball of steam hits you!! The steam scalds you terribly!
You die...

##.. #.#
.P.......#
P.#.....%#
P...#..#.#
P........#
.........#
.......#.#
......o§@#
.....D§h†#
.....ooor#
.....oo.o#
....t..#.#
#........#
....#...<#
....#....#
#.. #..#.#


You could see a steam dragon, an orc warrior, a crocodile, a black bear, a
porcupine, an orc wizard (invisible) and 5 orcs.

Vanquished Creatures
  2 two-headed ogres
  A water elemental (D:10)
  2 wyverns
  Grum (D:11)
  A hungry ghost (D:10)
  Duvessa (D:5)
  3 ice beasts
  3 sky beasts
  A hornet zombie (D:10)
  An eye of draining (D:10)
  3 orc warriors
  3 phantoms
  A black bear (D:10)
  4 ogres
  A necrophage (D:10)
  2 wolves (D:11)
  2 centaurs (D:6)
  3 bullfrogs
  A gnoll sergeant (D:6)
  Dowan (D:5)
  A wyvern skeleton (D:7)
  5 scorpions
  A water moccasin skeleton (D:6)
  6 killer bees (D:10)
  4 wights (D:10)
  A bullfrog zombie (D:8)
  5 crimson imps
  2 jellies
  Crazy Yiuf (D:5)
  5 orc priests
  4 hounds
  A gnoll shaman (D:6)
  6 orc wizards
  Natasha (thrice) (D:3)
  6 iguanas
  8 worker ants
  A worker ant zombie (D:10)
  7 gnolls (D:6)
  13 adders
  3 shadow imps
  2 oozes
  A worm (D:3)
  4 dart slugs
  9 leopard geckos
  19 orcs
  4 giant cockroaches
  11 goblins
  6 hobgoblins
  12 jackals
  8 kobolds
  2 quokkas
  A ball python (D:1)
  4 bats
  7 frilled lizards
  A quokka zombie (D:7)
  8 rats
  A butterfly (D:6)
220 creatures vanquished.

Vanquished Creatures (collateral kills)
  4 killer bees (D:10)
4 creatures vanquished.

Vanquished Creatures (others)
  An orc wizard (D:10)
  An orc (D:11)
  4 plants (D:10)
6 creatures vanquished.

Grand Total: 230 creatures vanquished

Notes
Turn   | Place    | Note
-------+----------+-------------------------------------------
     0 | D:1      | Alphaeus the Spriggan Berserker began the quest for the
                  | Orb.
     0 | D:1      | Reached XP level 1. HP: 11/11 MP: 2/2
   322 | D:1      | Reached XP level 2. HP: 16/16 MP: 3/3
   519 | D:1      | Reached skill level 5 in Dodging
   627 | D:1      | Reached XP level 3. HP: 14/19 MP: 4/4
   804 | D:1      | Reached ** piety under Trog
  1917 | D:2      | Reached skill level 1 in Stealth
  2211 | D:3      | Reached XP level 4. HP: 24/24 MP: 5/5
  2394 | D:3      | Reached skill level 1 in Throwing
  2540 | D:3      | Reached XP level 5. HP: 24/28 MP: 6/6
  3073 | D:3      | Noticed Natasha
  3083 | D:3      | Killed Natasha
  3341 | D:3      | Reached *** piety under Trog
  3341 | D:3      | Reached XP level 6. HP: 32/32 MP: 7/7
  3390 | D:3      | Noticed Natasha
  3405 | D:3      | Killed Natasha
  3501 | D:4      | Reached skill level 5 in Stealth
  4137 | D:4      | Received a gift from Trog
  4271 | D:3      | Noticed Natasha
  4277 | D:3      | Killed Natasha
  4629 | D:4      | Found a sparkling altar of Nemelex Xobeh.
  4630 | D:4      | Found an opulent altar of Gozag.
  4686 | D:4      | Reached XP level 7. HP: 15/36 MP: 8/8
  4687 | D:4      | Reached skill level 1 in Slings
  4723 | D:4      | Reached skill level 5 in Short Blades
  4816 | D:4      | Reached skill level 2 in Slings
  4921 | D:4      | Found a sparkling altar of Nemelex Xobeh.
  5045 | D:5      | Entered Level 5 of the Dungeon
  5045 | D:5      | Found an iron altar of Okawaru.
  5046 | D:5      | Found a snail-covered altar of Cheibriados.
  5047 | D:5      | Found a bloodstained altar of Trog.
  5050 | D:5      | Reached skill level 1 in Evocations
  5151 | D:5      | Found Kaoloc's Magic Scroll Emporium.
  5160 | D:5      | Bought a scroll of fear for 38 gold pieces
  5160 | D:5      | Bought a scroll of teleportation for 33 gold pieces
  5160 | D:5      | Bought a scroll of enchant armour for 82 gold pieces
  5189 | D:5      | Noticed Dowan
  5190 | D:5      | Noticed Duvessa
  5238 | D:5      | Reached skill level 3 in Slings
  5247 | D:5      | Killed Duvessa
  5247 | D:5      | Reached skill level 1 in Armour
  5252 | D:5      | Killed Dowan
  5404 | D:5      | Found a runed translucent door.
  5405 | D:5      | Noticed Crazy Yiuf
  5438 | D:5      | Reached skill level 4 in Slings
  5438 | D:5      | Reached XP level 8. HP: 42/42 MP: 10/10
  5770 | D:5      | Reached skill level 5 in Slings
  5915 | D:5      | Identified the +11 flail of Hospitality {crush, rN+ Dex+2
                  | SInv} (You found it on level 5 of the Dungeon)
  6181 | D:5      | Killed Crazy Yiuf
  6224 | D:6      | Found a staircase to the Ecumenical Temple.
  6250 | D:6      | Reached **** piety under Trog
  6300 | D:6      | Reached skill level 6 in Slings
  6663 | D:6      | Reached skill level 7 in Slings
  6818 | D:6      | Reached XP level 9. HP: 39/45 MP: 11/11
  6903 | D:6      | You fall into a shaft and drop 3 floors!
  7263 | D:8      | Reached skill level 8 in Slings
  7597 | D:7      | Reached skill level 5 in Armour
  7804 | D:7      | Found a shattered altar of Ashenzari.
  8380 | D:6      | Reached skill level 9 in Slings
  8943 | D:7      | Found a glowing silver altar of Zin.
  8943 | D:7      | Found a glowing golden altar of the Shining One.
  8944 | D:7      | Found a white marble altar of Elyvilon.
  9101 | D:8      | Noticed a two-headed ogre
  9107 | D:8      | Killed a two-headed ogre
  9107 | D:8      | Reached skill level 10 in Slings
  9107 | D:8      | Reached XP level 10. HP: 49/49 MP: 12/12
  9160 | D:8      | Found Riwoti Jemo's Antique Armour Emporium.
  9924 | D:9      | Got a smoking jade ring
  9925 | D:9      | Identified the ring "Neiheno" {rElec rPois rC- MR+ Int-4}
                  | (You found it on level 9 of the Dungeon)
 10001 | D:9      | Found a burning altar of Makhleb.
 10002 | D:9      | Found a radiant altar of Vehumet.
 10173 | D:9      | Found a blossoming altar of Fedhas.
 10173 | D:9      | Found an ancient bone altar of Kikubaaqudgha.
 10451 | D:10     | Entered Level 10 of the Dungeon
 10454 | D:10     | Found Pyschori's Antique Armour Shop.
 10463 | D:10     | Bought a buckler for 162 gold pieces
 10856 | D:9      | Gained mutation: You tend to lose your temper in combat.
                  | [potion of mutation]
 10856 | D:9      | Gained mutation: You are agile. (Dex +2) [potion of
                  | mutation]
 10857 | D:9      | Lost mutation: You are agile. (Dex +2) [potion of mutation]
 10857 | D:9      | Lost mutation: You tend to lose your temper in combat.
                  | [potion of mutation]
 10857 | D:9      | Gained mutation: Your spells are a little harder to cast,
                  | but a little more powerful. [potion of mutation]
 10857 | D:9      | Gained mutation: You have a pair of small horns on your
                  | head. [potion of mutation]
 10857 | D:9      | Gained mutation: You are robust. (+10% HP) [potion of
                  | mutation]
 10857 | D:9      | Gained mutation: Your system is resistant to poisons.
                  | (rPois) [potion of mutation]
 10914 | D:10     | Reached skill level 1 in Shields
 11131 | D:10     | Found a runed translucent door.
 11133 | D:10     | Identified the +9 trident of Defilement {pierce, rC+ MR+
                  | Dex-3 SInv}
 11133 | D:10     | Noticed DankestMemes's ghost (journeyman HOMo)
 11136 | D:10     | Noticed a spriggan rider
 11373 | D:10     | Received a gift from Trog
 11422 | D:10     | Noticed a two-headed ogre
 11448 | D:10     | Killed a two-headed ogre
 12039 | D:10     | Reached ***** piety under Trog
 12168 | D:11     | Noticed Grum
 12181 | D:11     | Killed Grum
 12189 | D:11     | Killed from afar by a steam dragon

Levels and vault maps discovered:
D:1:      evilmike_arrival_sounds_zot, layout_basic, minmay_pentomino_q4
D:2:      lemuel_upstairs_altar, layout_loops_ring
D:3:      minmay_chambers_of_twos, layout_basic, first_ration, uniq_natasha
D:4:      layout_cave_pools, grunt_temple_overflow_opulence,
          nemelex_lonely_heart_becter
D:5:      layout_loops_ring, grunt_temple_overflow_open, serial_shops, shop,
          uniq_crazy_yiuf_cottage, uniq_duvessa
D:6:      layout_basic, minmay_temple_entry_butterflies, hex_tiny,
          small_statue_intersection
D:7:      layout_cave_pods, good_gods_temple_1, evilmike_ruin_ashenzari,
          grunt_ogre_cave
D:8:      layout_basic, serial_shops, kennysheep_little_box
D:9:      layout_long_grid, grunt_temple_overflow_growth_and_decay,
          grunt_temple_overflow_lords_of_destruction
D:10:     layout_irregular_city, serial_shops,
          nicolae_shop_competitors_out_of_business, ebering_ghost_funeral_grove,
          nicolae_underground_beach
D:11:     minmay_the_grid_octo_2x2 [minmay_the_grid_octo_77,
          minmay_the_grid_octo_empty, minmay_the_grid_octo_checkerflower,
          minmay_the_grid_octo_prize_ultimate_mussel_roller], layout_stronghold,
          grunt_lair_entry_orc_guard_hut, uniq_grum

Skill      XL: |  1  2  3  4  5  6  7  8  9 10 |
---------------+-------------------------------+-----
Dodging        | 5 6 |  6.7
Short Blades   | 4 5 |  5.1
Stealth        | 1 2 4 5 6 |  6.2
Fighting       | 3 |  3.8
Throwing       | 1 2 |  2.3
Slings         | 4 7 10 | 10.3
Evocations     | 1 |  1.6
Armour         | 1 4 6 7 |  7.7
Shields        | 4 |  4.0

Action                   |  1- 3 |  4- 6 |  7- 9 | 10-12 || total
-------------------------+-------+-------+-------+-------++-------
Melee: Short sword       |    16 |       |       |       ||    16
       Dagger            |   117 |   223 |   117 |       ||   457
       Rapier            |       |    13 |       |       ||    13
       Flail             |       |       |   173 |   164 ||   337
       Headbutt          |       |       |       |    26 ||    26
 Fire: Hunting sling     |       |       |       |     4 ||     4
Invok: Berserk           |     1 |     3 |     3 |     2 ||     9
       Brothers in Arms  |       |       |       |     1 ||     1
  Use: Scroll            |       |     2 |     4 |     6 ||    12
       Potion            |       |       |     5 |     2 ||     7
 Stab: Sleeping          |     4 |     7 |     8 |     1 ||    20
       Invisible         |       |       |     1 |       ||     1
  Eat: Ration            |       |     2 |     4 |     4 ||    10
Armor: Animal skin       |    10 |    13 |     4 |       ||    27
       Ice dragon scales |       |       |    92 |    78 ||   170
Dodge: Dodged            |    98 |   200 |   296 |   220 ||   814
Block: Buckler           |       |       |       |    70 ||    70

Table legend:
 A = Non-vault XP
 B = Vault XP
 C = Vault XP percentage of total XP
 D = Non-vault monster count
 E = Vault monster count
 F = Vault count percentage of total count
                 A         B        C        D         E       F
            +---------+---------+-------+---------+---------+-------
      Total |    8548 |    1223 |  12.5 |     203 |      21 |   9.4
            +---------+---------+-------+---------+---------+-------
        D:1 |      60 |       5 |   7.7 |      29 |       3 |   9.4
        D:2 |      21 |       0 |   0.0 |      11 |       0 |   0.0
        D:3 |     234 |     138 |  37.1 |      27 |       9 |  25.0
        D:4 |     497 |       0 |   0.0 |      23 |       0 |   0.0
        D:5 |     595 |     265 |  30.8 |      12 |       3 |  20.0
        D:6 |    1371 |       0 |   0.0 |      25 |       0 |   0.0
        D:7 |     741 |     122 |  14.1 |      12 |       1 |   7.7
        D:8 |    1269 |       0 |   0.0 |       7 |       0 |   0.0
        D:9 |     682 |      46 |   6.3 |      16 |       1 |   5.9
       D:10 |    2941 |     215 |   6.8 |      40 |       1 |   2.4
       D:11 |     137 |     432 |  75.9 |       1 |       3 |  75.0
            +---------+---------+-------+---------+---------+-------
